 Dungeon Crawl Stone Soup version 0.30-a0-672-gc3a7216ad8 (webtiles) character file.

Game seed: 13247593034546661213

14 SpyderV the Trooper (level 2, -7/26 HPs)
             Began as a Draconian Fighter on Jan 18, 2023.
             Mangled by Persephone's ghost (11 damage)
             ... on level 3 of the Dungeon.
             The game lasted 00:04:26 (317 turns).

SpyderV the Trooper (Draconian Fighter)              Turns: 317, Time: 00:04:27

Health: -7/26      AC:  4    Str: 18    XL:     2   Next: 31%
Magic:  2/2        EV: 12    Int:  8    God:
Gold:   25         SH:  4    Dex: 10    Spells: 1/1 levels left

rFire   . . .      SeeInvis .    a - +0 war axe
rCold   . . .      Faith    .    b - +0 buckler
rNeg    . . .      Spirit   .    (body armour unavailable)
rPois   .          Reflect  .    (helmet restricted)
rElec   .          Harm     .    (no cloak)
rCorr   .          Rampage  .    (no gloves)
Will    .....                    (no boots)
Stlth   +                        (no amulet)
HPRegen 0.24/turn                (no ring)
MPRegen 0.08/turn                (no ring)

@: no status effects
A: AC +4, unfitting armour, cold-blooded
a: no special abilities


You were on level 3 of the Dungeon.
You visited 1 branch of the dungeon, and saw 3 of its levels.

You collected 25 gold pieces.

Inventory:

Hand Weapons
 a - a +0 war axe (weapon)
Armour
 b - a +0 buckler (worn)
Scrolls
 c - a scroll of teleportation {unknown}
Potions
 d - a potion of curing {unknown}


   Skills:
 + Level 3.5 Fighting
 + Level 2.1 Axes
 + Level 3.0 Dodging
 + Level 3.2 Shields


You had one spell level left.
You didn't know any spells.
Your spell library was empty.

Dungeon Overview and Level Annotations

Branches:
Dungeon (3/15)

Altars:

Annotations:
D:3 Persephone's ghost, amateur GrFi


Innate Abilities, Weirdness & Mutations

Your plain brown scales are hard. (AC +4)
You cannot fit into any form of body armour.
You are cold-blooded and may be slowed by cold attacks.


Message History

Found a runed translucent door.
HP restored.
Found a bubbling blue potion and a scroll labelled TUUV VIPNUTZI.
Persephone's ghost turns its malevolent gaze towards you.
Persephone's ghost says very slowly, "There's no hope."
You see here a +0 robe.
You see here a +0 robe.
e - a +0 robe You can't wear that!
You drop a +0 robe.
You now have 25 gold pieces (gained 14).
You open the door.
Persephone's ghost attacks as you move away!
Persephone's ghost hits you but does no damage.
You barely miss Persephone's ghost. Persephone's ghost hits you.
You barely miss Persephone's ghost.
You block Persephone's ghost's attack. x2
You barely miss Persephone's ghost.
Persephone's ghost shrieks, "I was like you once."
Persephone's ghost closely misses you.
You hit Persephone's ghost but do no damage.
Persephone's ghost hits you. Persephone's ghost barely misses you.
You barely miss Persephone's ghost. Persephone's ghost misses you.
You hit Persephone's ghost but do no damage.
You tail-slap Persephone's ghost, but do no damage.
Persephone's ghost barely misses you.
You slash Persephone's ghost!
Persephone's ghost is moderately damaged.
Persephone's ghost barely misses you. Persephone's ghost hits you.
You hit Persephone's ghost.
Persephone's ghost is heavily damaged.
You block Persephone's ghost's attack.
You barely miss Persephone's ghost.
Persephone's ghost is heavily damaged.
Persephone's ghost hits you!
* * * LOW HITPOINT WARNING * * *
Persephone's ghost hits you.
* * * LOW HITPOINT WARNING * * *
You hit Persephone's ghost but do no damage.
Persephone's ghost is heavily damaged.
Persephone's ghost hits you!
You die...

###+####.......##.#####
# #.......##.#<..# ..
#..............#.#
######............
##...........#
#..##........#
#######.....[#
#.....#......#
#!~~~~'W@....#
#..?..#......#
##############


You could see Persephone's ghost.

Vanquished Creatures
  An orc (D:3)
  A ball python (D:2)
  A bat (D:2)
  A giant cockroach (D:2)
  2 frilled lizards
  3 goblins
  A kobold (D:2)
  5 rats
15 creatures vanquished.

Notes
Turn   | Place    | Note
-------+----------+-------------------------------------------
     0 | D:1      | SpyderV the Draconian Fighter began the quest for the Orb.
     0 | D:1      | Reached XP level 1. HP: 19/19 MP: 1/1
   183 | D:2      | Reached XP level 2. HP: 26/26 MP: 2/2
   277 | D:3      | Found a runed translucent door.
   278 | D:3      | Noticed Persephone's ghost (amateur GrFi)
   317 | D:3      | Mangled by Persephone's ghost

Illustrated notes

Levels and vault maps discovered:
D:1:      elethiomel_arrival_diamonds, layout_basic, serial_bayou,
          serial_bayou_ford_a, serial_bayou_pond_a, serial_bayou_lake_a,
          serial_bayou_pond_a, minmay_misc_feat_ornament, serial_bayou_pond_c
D:2:      layout_basic, ebering_ecumenical_altar_ruins, serial_park_tiny_1
D:3:      layout_basic, ebering_ghost_reflecting_pool, uniq_crazy_yiuf_cottage

Skill      XL: |  1  2 |
---------------+-------+-----
Dodging        | 3 |  3.0
Fighting       | |  3.5
Axes           | |  2.1
Shields        | |  3.2

Action                   || total
-------------------------++-------
Melee: War axe           ||    34
       Tailslap          ||     4
  Use: Scroll            ||     1
       Potion            ||     1
Armor: Skin              ||     7
Dodge: Dodged            ||    21
Block: Buckler           ||    11

Table legend: (Time is in decaauts)
 A = Elapsed time spent in this place.
 B = Non-inter-level travel time spent in this place.
 C = Inter-level travel time spent in this place.
 D = Time resting spent in this place.
 E = Time spent auto-exploring this place.
 F = Levels seen in this place.
 G = Mean time per level.
                   A        B        C        D        E       F      G
               +--------+--------+--------+--------+--------+-----+--------+
         Total |    330 |    133 |    197 |      0 |      0 |   3 |  110.0 |
       Dungeon |    330 |    133 |    197 |      0 |      0 |   3 |  110.0 |
               +--------+--------+--------+--------+--------+-----+--------+

Top non-repeatable levels by time:
     D:1: 133 daAuts
     D:2: 100 daAuts
     D:3: 96 daAuts
